 Dungeon Crawl Stone Soup version 0.31-a0-705-ga145531891 (webtiles) character file.

Game seed: 1303866095113330839

8267 pokeman the Thaumaturge (level 11, -7/61 HPs)
             Began as a Deep Elf Hedge Wizard on Sept 9, 2023.
             Was a Believer of Vehumet.
             Mangled by a death yak (11 damage)
             ... in an ice cave.
             The game lasted 00:30:01 (12991 turns).

pokeman the Thaumaturge (Deep Elf Hedge Wizard)    Turns: 12991, Time: 00:30:02

Health: -7/61      AC:  7    Str:  7    XL:     11   Next: 7%
Magic:  16/31      EV: 18    Int: 27    God:    Vehumet [**....]
Gold:   370        SH:  5    Dex: 14    Spells: 24/39 levels left

rFire   + . .        L - +1 spear (venom)
rCold   . . .        (no shield)
rNeg    . . .        r - +1 robe of Prudence {rF+ Int+3}
rPois   +            c - +0 hat
rElec   .            C - +0 cloak
rCorr   .            D - +1 pair of gloves
SInv    .            Q - +0 pair of boots
Will    +....        h - amulet of reflection
Stlth   ++           H - ring of poison resistance
HPRegen 0.30/turn    S - +5 ring of evasion
MPRegen 0.22/turn

%: reflection
@: no status effects
A: no striking features
a: Renounce Religion


You were in an ice cave.
You worshipped Vehumet.
Vehumet was pleased with you.
You visited 2 branches of the dungeon, and saw 12 of its levels.
You also visited: Sewer, Ossuary and Ice Cave.

You collected 370 gold pieces.

Inventory:

Hand Weapons
 a - a +1 whip of pain
 x - the +0 short sword "Zaprasui" {flame, *Noise rF- rC+++ rCorr}
   (You found it on level 3 of the Dungeon)

   rF-:       It makes you vulnerable to fire.
   rC+++:     It renders you almost immune to cold.
   *Noise:    It may make a loud noise when swung.
   rCorr:     It protects you from acid and corrosion.
 B - a +4 quarterstaff of chaos
 L - a +1 spear of venom (weapon)
Missiles
 F - 3 throwing nets
 J - 4 curare-tipped darts
Armour
 c - a +0 hat (worn)
 r - the +1 robe of Prudence (worn) {rF+ Int+3}
   (You found it on level 6 of the Dungeon)

   Int+3:     It affects your intelligence (+3).
   rF+:       It protects you from fire.
 C - a +0 cloak (worn)
 D - a +1 pair of gloves (worn)
 M - a +0 buckler
 Q - a +0 pair of boots (worn)
Jewellery
 h - an amulet of reflection (around neck)
 o - a ring of fire
 H - a ring of poison resistance (left hand)
 O - an amulet of magic regeneration
 P - a ring of ice
 S - a +5 ring of evasion (right hand)
Wands
 y - a wand of flame (21)
 R - a wand of polymorph (4)
Scrolls
 b - a scroll of brand weapon
 e - a scroll of fog
 f - 4 scrolls of revelation
 i - a scroll of torment
 k - 4 scrolls of vulnerability {unknown}
 l - a scroll of poison {unknown}
 m - a scroll of amnesia {unknown}
 s - 2 scrolls of fear {unknown}
 u - a scroll of summoning {unknown}
 z - 2 scrolls of enchant weapon {unknown}
 E - 4 scrolls of teleportation {unknown}
 K - 3 scrolls of blinking {unknown}
 N - 2 scrolls of noise {unknown}
Potions
 d - 4 potions of magic
 g - 4 potions of might
 j - a potion of ambrosia
 n - 7 potions of curing
 q - 3 potions of enlightenment
 t - 2 potions of heal wounds
 v - 5 potions of haste
 w - a potion of mutation
 A - 3 potions of attraction
 G - 2 potions of cancellation {unknown}
 I - 2 potions of resistance {unknown}
 T - a potion of degeneration {unknown}


   Skills:
 - Level 4.0 Fighting
 - Level 3.0 Armour
 - Level 3.1 Dodging
 - Level 3.3 Stealth
 + Level 3.0 Shields
 * Level 14.6 Spellcasting
 + Level 8.4 Conjurations
 - Level 1.1 Summonings
 + Level 8.5 Necromancy
 - Level 1.1 Translocations
 - Level 1.0 Air Magic
 - Level 1.0 Poison Magic
 - Level 1.2 Evocations


You had 24 spell levels left.
You knew the following spells:

 Your Spells              Type           Power      Damage    Failure   Level
a - Magic Dart            Conj           100%       1d8       1%          1
b - Mephitic Cloud        Conj/Pois/Air  38%        N/A       1%          3
c - Call Imp              Summ           50%        N/A       2%          2
d - Blink                 Tloc           50%        N/A       2%          2
e - Orb of Destruction    Conj           30%        9d10      56%         7

Your spell library contained the following spells:

 Spells                   Type           Power      Damage    Failure   Level
 Shock                    Conj/Air       100%       1d9       1%          1
 Necrotise                Necr           100%       1d9       1%          1
 Cigotuvi's Dreadful Rot  Necr/Pois/Air  76%        N/A       1%          2
 Vampiric Draining        Necr           60%        2d10      1%          3
 Slow                     Hex            76%        N/A       2%          1
 Agony                    Necr           60%        N/A       2%          5
 Summon Guardian Golem    Hex/Summ       22%        N/A       6%          3
 Summon Ice Beast         Ice/Summ       22%        N/A       22%         4
 Spellforged Servitor     Conj/Summ      22%        N/A       97%         7


Dungeon Overview and Level Annotations

Branches:
Dungeon (11/15)            Temple (1/1) D:6            Lair (0/5) D:10
  Sewer (visited)         Ossuary (visited)           IceCv (1/1)
    Orc: D:9-12

Altars:
Ashenzari
Cheibriados
Dithmenos
Elyvilon
Fedhas
Gozag
Hepliaklqana
Kikubaaqudgha
Makhleb
Nemelex Xobeh
Okawaru
Qazlal
Ru
Sif Muna
Trog
Uskayaw
Vehumet
Wu Jian
Xom
Yredelemnul
Zin
The Shining One

Annotations:
D:11 Psyche


Message History

Unknown command.
The yak gores the yak but does no damage.
The yak gores itself!
The yak is engulfed in noxious fumes.
The death yak gores the yak!
The death yak attacks as it pursues you!
The death yak gores you.
* * * LOW HITPOINT WARNING * * *
Unknown command.
You feel stable enough to blink again.
The death yak is engulfed in noxious fumes.
The death yak appears confused.
The death yak barely misses you.
Casting: Blink (safe; 2% risk of failure)
Confirm with . or Enter, or press ? or * to list all spells.
You blink.
The yak closely misses you.
The yak gores itself!
The yak is killed!
Vehumet accepts your kill.
The yak gores the death yak.
Casting: Blink (safe; 2% risk of failure)
Confirm with . or Enter, or press ? or * to list all spells.
Aiming: Mephitic Cloud (safe; 1% risk of failure)
Press: ? - help, Shift-Dir - straight line, f/p - yak
Aim: a yak (moderately wounded, confused, chance to affect: 67%)
The ball explodes into a vile cloud!
The stinking cloud engulfs the death yak but does no damage.
The death yak is lightly wounded.
The stinking cloud engulfs the yak but does no damage.
The yak is moderately wounded.
The stinking cloud engulfs the death yak but does no damage.
The death yak is severely wounded.
The yak is engulfed in noxious fumes.
The yak appears confused.
The death yak is engulfed in noxious fumes. x2
Unknown command.
Unknown command.
Unknown command.
You feel stable enough to blink again.
The yak is engulfed in noxious fumes.
The death yak is engulfed in noxious fumes.
The death yak attacks as it pursues you!
The death yak gores you!
You die...

##...#
##...#
#...##
#...##
##...#
##...##
##....Y##
#..Y∩.§†#
#.@Y§Y○.#
##†.∩○○##
##..○##
#####


You could see 2 death yaks and 2 yaks.

Vanquished Creatures
  A two-headed ogre (D:10)
  A rime drake (IceCv)
  2 trolls
  2 polar bears (IceCv)
  A hornet (D:8)
  2 shadows
  11 yaks
  A sky beast (D:6)
  An orc warrior (D:6)
  2 black bears
  3 ogres
  An ice beast (D:6)
  3 wolves (IceCv)
  3 centaurs
  A phantom (D:6)
  4 kobold brigands
  2 bullfrogs
  2 gnoll sergeants
  2 scorpions (D:5)
  3 wights
  11 killer bees
  2 howler monkeys
  4 hounds
  2 jellies (D:6)
  Crazy Yiuf (D:3)
  4 orc priests
  2 gnoll boudas
  A sleepcap (D:6)
  Natasha (thrice) (D:3)
  5 orc wizards
  Terence (D:3)
  5 iguanas
  13 mummies (Ossuary)
  21 gnolls
  A river rat (Sewer)
  15 adders
  A shadow imp (D:7)
  An ufetubus (D:4)
  2 worms
  5 dart slugs
  20 orcs
  5 bats
  11 endoplasms
  2 giant cockroaches
  3 goblins
  3 hobgoblins
  6 jackals
  16 kobolds
  3 quokkas
  9 ball pythons
  8 frilled lizards
  3 gnoll skeletons (Ossuary)
  2 goblin skeletons (Ossuary)
  2 kobold skeletons (Ossuary)
  An orc skeleton (Ossuary)
  8 rats
  11 rat skeletons (Ossuary)
261 creatures vanquished.

Vanquished Creatures (collateral kills)
  2 yaks (D:10)
  2 wights (D:7)
  A killer bee (D:8)
  An orc priest (D:6)
  2 gnolls
8 creatures vanquished.

Grand Total: 269 creatures vanquished

Notes
Turn   | Place    | Note
-------+----------+-------------------------------------------
     0 | D:1      | pokeman the Deep Elf Hedge Wizard began the quest for the
                  | Orb.
     0 | D:1      | Reached XP level 1. HP: 10/10 MP: 7/7
   261 | D:1      | Reached XP level 2. HP: 15/15 MP: 5/9
   912 | D:1      | Reached skill level 5 in Spellcasting
  1416 | D:2      | Reached XP level 3. HP: 20/20 MP: 5/11
  1420 | D:2      | Learned a level 3 spell: Mephitic Cloud
  1423 | D:2      | Learned a level 2 spell: Call Imp
  1426 | D:2      | Learned a level 2 spell: Blink
  1657 | D:2      | Reached skill level 1 in Armour
  1665 | D:2      | Reached skill level 1 in Fighting
  2078 | D:2      | Reached XP level 4. HP: 25/25 MP: 8/13
  2633 | D:3      | Noticed Natasha
  2641 | D:3      | Killed Natasha
  2851 | D:3      | Found a glowing drain.
  2856 | Sewer    | Entered a sewer
  2930 | Sewer    | Noticed a kobold brigand
  2967 | Sewer    | Killed a kobold brigand
  2968 | Sewer    | Reached skill level 6 in Spellcasting
  2968 | Sewer    | Reached XP level 5. HP: 21/29 MP: 4/15
  3122 | Sewer    | Reached skill level 1 in Poison Magic
  3122 | Sewer    | Reached XP level 6. HP: 17/34 MP: 9/17
  3324 | Sewer    | Reached skill level 1 in Necromancy
  3407 | Sewer    | Reached skill level 1 in Air Magic
  3961 | D:3      | Noticed Natasha
  3974 | D:3      | Found a shimmering blue altar of Sif Muna.
  3980 | D:3      | Killed Natasha
  3981 | D:3      | Reached skill level 7 in Spellcasting
  4025 | D:3      | Identified the +0 short sword "Zaprasui" {flame, *Noise rF-
                  | rC+++ rCorr}
  4045 | D:3      | Noticed Natasha
  4057 | D:3      | Killed Natasha
  4214 | D:3      | Found a faded altar of an unknown god.
  4300 | D:3      | Noticed Terence
  4310 | D:3      | Killed Terence
  4338 | D:3      | Found a runed translucent door.
  4339 | D:3      | Noticed Crazy Yiuf
  4573 | D:3      | Killed Crazy Yiuf
  4727 | D:4      | Found a snail-covered altar of Cheibriados.
  4801 | D:4      | Reached skill level 1 in Evocations
  4801 | D:4      | Reached XP level 7. HP: 39/39 MP: 13/20
  4864 | D:4      | Found a sand-covered staircase.
  4873 | Ossuary  | Entered an ossuary
  5399 | Ossuary  | Reached skill level 8 in Spellcasting
  6790 | D:5      | Entered Level 5 of the Dungeon
  6950 | D:5      | Found a shadowy altar of Dithmenos.
  7000 | D:5      | Reached XP level 8. HP: 42/44 MP: 14/22
  7134 | D:5      | Reached skill level 9 in Spellcasting
  7674 | D:6      | Reached skill level 5 in Conjurations
  7825 | D:6      | Reached skill level 10 in Spellcasting
  7998 | D:6      | Found a staircase to the Ecumenical Temple.
  8010 | Temple   | Entered the Ecumenical Temple
  8060 | D:6      | Reached skill level 5 in Necromancy
  8222 | D:6      | Reached XP level 9. HP: 44/48 MP: 18/25
  8479 | D:6      | Found a radiant altar of Vehumet.
  8488 | D:6      | Became a worshipper of Vehumet
  8539 | D:6      | Found an ornate altar of the Wu Jian Council.
  8774 | D:6      | Identified the +1 robe of Prudence {rF+ Int+3}
  8838 | D:6      | Reached skill level 11 in Spellcasting
  9144 | D:6      | Learned a level 7 spell: Orb of Destruction
  9281 | D:7      | Found a stormy altar of Qazlal.
  9298 | D:7      | Found a hazy altar of Hepliaklqana.
  9300 | D:7      | Found a bloodstained altar of Trog.
  9303 | D:7      | Found a hide-covered altar of Uskayaw.
  9569 | D:7      | Reached skill level 12 in Spellcasting
 10085 | D:8      | Reached * piety under Vehumet
 10085 | D:8      | Offered knowledge of Freeze by Vehumet.
 10301 | D:8      | Reached XP level 10. HP: 49/56 MP: 20/28
 10436 | D:8      | Found an ancient bone altar of Kikubaaqudgha.
 10586 | D:8      | Found a sacrificial altar of Ru.
 11055 | D:9      | Found a blossoming altar of Fedhas.
 11089 | D:9      | Reached skill level 13 in Spellcasting
 11518 | D:10     | Entered Level 10 of the Dungeon
 11571 | D:10     | Reached skill level 1 in Shields
 11587 | D:10     | Reached ** piety under Vehumet
 11587 | D:10     | Offered knowledge of Shock by Vehumet.
 11596 | D:10     | Noticed a two-headed ogre
 11620 | D:10     | Killed a two-headed ogre
 11621 | D:10     | Reached skill level 14 in Spellcasting
 11704 | D:10     | Found a staircase to the Lair.
 12121 | D:10     | Got the Tome of Accomplices
 12344 | D:11     | Noticed a manticore
 12511 | D:11     | Noticed Psyche
 12571 | D:11     | Found a frozen archway.
 12673 | IceCv    | Entered an ice cave
 12780 | IceCv    | Reached XP level 11. HP: 11/61 MP: 28/31
 12955 | IceCv    | Noticed a death yak
 12967 | IceCv    | Noticed a death yak
 12983 | IceCv    | HP: 3/61 [death yak (21)]
 12991 | IceCv    | Mangled by a death yak

Illustrated notes

Levels and vault maps discovered:
D:1:      roderic_octagonal_star, layout_basic, nicolae_grassy_gnolls
D:2:      layout_loops_ring, kennysheep_generic_room_11
D:3:      layout_loops_ring, nicolae_overflow_crystal_walls,
          portal_sewer_entry_e, ebering_ecumenical_altar_petrified,
          uniq_crazy_yiuf_cottage, uniq_terence, uniq_natasha
D:4:      minmay_general_purpose_star, layout_loops_cross,
          mainiacjoe_overflow_boulevard, enter_ossuary_3,
          kennysheep_generic_room_10
D:5:      layout_basic, grunt_dithmenos_smoke, minmay_misc_feat_hallway
D:6:      layout_cave_pods, nzn_wu_jian_contemplation,
          nicolae_vehumet_altar_sigil, minmay_temple_entry_sparse_star,
          chequers_serial_rivers_micro_c, hangedman_abyss_or_decor_lesser_grid
D:7:      layout_cave_pools, grunt_qazlal_clouds,
          gammafunk_temple_overflow_forgotten, serial_park, serial_park_tiny_1,
          serial_park_gazebo [serial_park_minivault_5x5_2], serial_park_square3
          [serial_park_minivault_5x5_4]
D:8:      layout_cave_pools, grunt_temple_overflow_open,
          kennysheep_pointless_box, hangedman_abyss_or_decor_stabs
D:9:      layout_long_grid, fedhas_altar_1
D:10:     layout_basic, lair_entry_dummy
D:11:     layout_basic, portal_ice_cave_entry_pillars_2, uniq_psyche
Temple:   compressed_dpeg_circular_temple
IceCv:    ice_cave_small_giant

Skill      XL: |  1  2  3  4  5  6  7  8  9 10 11 |
---------------+----------------------------------+-----
Spellcasting   | 5 6 7 8 10 12 14 | 14.6
Armour         | 1 3 |  3.0
Fighting       | 1 2 3 4 |  4.0
Conjurations   | 2 3 4 5 7 8 |  8.4
Dodging        | 3 |  3.1
Stealth        | 3 |  3.3
Poison Magic   | 1 |  1.0
Necromancy     | 2 3 5 6 8 |  8.5
Air Magic      | 1 |  1.0
Evocations     | 1 |  1.2
Shields        | 2 3 |  3.0
Summonings     | |  1.1
Translocations | |  1.1

Action                     |  1- 3 |  4- 6 |  7- 9 | 10-12 || total
---------------------------+-------+-------+-------+-------++-------
  Melee: Dagger            |     6 |    69 |   105 |       ||   180
         Punch             |       |     1 |     4 |     2 ||     7
         Spear             |       |       |    43 |   145 ||   188
         Quarterstaff      |       |       |    22 |       ||    22
   Cast: Magic Dart        |    92 |   106 |   363 |    55 ||   616
         Mephitic Cloud    |     1 |    12 |    36 |    36 ||    85
         Call Imp          |       |     1 |     6 |     3 ||    10
         Blink             |       |       |     2 |     6 ||     8
  Evoke: Wand              |       |       |       |     1 ||     1
    Use: Scroll            |       |       |       |    12 ||    12
   Stab: Confused          |     1 |     7 |    17 |    25 ||    50
 Armour: Robe              |    14 |    33 |   101 |    69 ||   217
  Dodge: Dodged            |    13 |    33 |   107 |    71 ||   224
  Block: Other             |     1 |    15 |    56 |    27 ||    99
         Reflection        |       |     1 |     5 |     1 ||     7

Table legend: (Time is in decaauts)
 A = Elapsed time spent in this place.
 B = Non-inter-level travel time spent in this place.
 C = Inter-level travel time spent in this place.
 D = Time resting spent in this place.
 E = Time spent auto-exploring this place.
 F = Levels seen in this place.
 G = Mean time per level.
                   A        B        C        D        E       F      G
               +--------+--------+--------+--------+--------+-----+--------+
         Total |  13199 |  12798 |    401 |    519 |   9795 |  15 |  879.9 |
       Dungeon |  10426 |  10025 |    401 |    128 |   7897 |  11 |  947.8 |
        Temple |    112 |    112 |      0 |    107 |      0 |   1 |  112.0 |
         Sewer |   1166 |   1166 |      0 |     60 |    908 |   1 | 1166.0 |
       Ossuary |   1172 |   1172 |      0 |      0 |    981 |   1 | 1172.0 |
      Ice Cave |    322 |    322 |      0 |    224 |      9 |   1 |  322.0 |
               +--------+--------+--------+--------+--------+-----+--------+

Top non-repeatable levels by time:
     D:6: 1553 daAuts
     D:1: 1494 daAuts
 Ossuary: 1172 daAuts
   Sewer: 1166 daAuts
     D:2: 1143 daAuts
     D:3: 1023 daAuts
     D:4: 968 daAuts
     D:5: 864 daAuts
    D:10: 849 daAuts
     D:9: 795 daAuts
     D:7: 745 daAuts
     D:8: 677 daAuts
   IceCv: 322 daAuts
    D:11: 311 daAuts
  Temple: 112 daAuts
